 Dungeon Crawl Stone Soup version 0.31.0-2-g5a2aebc5c2 (webtiles) character file.

Game seed: 12101464428830983248

82 Arctor the Vexing (level 4, 0/26 HPs)
             Began as a Kobold Hexslinger on Jan 20, 2024.
             Slain by an orc
             ... wielding a +2 heavy hand axe
              (12 damage)
             ... on level 3 of the Dungeon.
             The game lasted 00:01:15 (1859 turns).

Arctor the Vexing (Kobold Hexslinger)               Turns: 1859, Time: 00:01:16

Health: 0/26       AC:  2    Str:  5    XL:     4   Next: 70%
Magic:  6/6        EV: 16    Int: 14    God:
Gold:   120        SH:  0    Dex: 19    Spells: 6/6 levels left

rFire   . . .        e - +2 short sword (flame)
rCold   . . .        (no shield)
rNeg    . . .        c - +0 robe
rPois   .            (no helmet)
rElec   .            (no cloak)
rCorr   .            (no gloves)
SInv    .            (no boots)
Will    .....        (no amulet)
Stlth   +++          (no ring)
HPRegen 0.24/turn    (no ring)
MPRegen 0.10/turn

%: no passive effects
@: no status effects
A: small, no large weapons, nightstalker 3
a: no special abilities


You were on level 3 of the Dungeon.
You visited 1 branch of the dungeon, and saw 3 of its levels.

You collected 120 gold pieces.

Inventory:

Hand Weapons
 a - a +1 sling
 e - a +2 short sword of flaming (weapon)
Armour
 c - a +0 robe (worn)
Magical Staves
 j - a staff of fire
Talismans
 k - a blade talisman
Scrolls
 b - 2 scrolls of poison
 d - a scroll of vulnerability {unknown}
 g - 2 scrolls of fear {unknown}
 h - a scroll of teleportation {unknown}
 i - a scroll of blinking {unknown}
 l - a scroll of identify {unknown}
 n - a scroll of fog {unknown}
Potions
 f - 3 potions of heal wounds {unknown}
 m - a potion of mutation {unknown}
 o - a potion of degeneration {unknown}


   Skills:
 + Level 2.1 Fighting
 + Level 3.5 Ranged Weapons
 + Level 3.2 Dodging
 + Level 1.9 Spellcasting
 + Level 3.5 Hexes
 - Level 1.2 Fire Magic


You had 6 spell levels left.
You didn't know any spells.
Your spell library contained the following spells:

 Spells                   Type           Power      Damage    Failure   Level
 Jinxbite                 Hex            22%        N/A       9%          2
 Sigil of Binding         Hex            11%        N/A       17%         3
 Inner Flame              Hex/Fire       8%         N/A       26%         3
 Cause Fear               Hex            5%         N/A       50%         4
 Dimensional Bullseye     Hex/Tloc       3%         N/A       75%         4


Dungeon Overview and Level Annotations

Branches:
Dungeon (3/15)

Altars:


Innate Abilities, Weirdness & Mutations

You are small and have problems with some larger weapons.
You are completely attuned to the shadows.


Message History

The giant cockroach barely misses you.
The dart slug briefly extends its eye-stalks.
The dart slug barely misses you. The orc priest closely misses you.
An orc comes into view. It is wielding a +0 club.
The orc shouts!
You hit the dart slug. You burn the dart slug.
The dart slug is almost dead.
You hear a shout!
The giant cockroach barely misses you.
The orc priest hits you with a +0 short sword.
The dart slug barely misses you. The giant cockroach bites you.
You hit the dart slug. You burn the dart slug.
You kill the dart slug!
The giant cockroach bites you.
The orc priest hits you with a +0 short sword.
You hit the orc priest. You burn the orc priest.
The orc priest is heavily wounded.
The giant cockroach bites you. The orc priest completely misses you.
You puncture the orc priest! You burn the orc priest.
You kill the orc priest!
The giant cockroach barely misses you. The orc hits you with a +0 club.
Your Fighting skill increases to level 2!
The giant cockroach barely misses you.
An orc comes into view. It is wielding a +2 heavy hand axe.
The orc closely misses you.
You see here a +0 short sword.
The orc shouts!
You hit the orc. You burn the orc.
You kill the orc!
The giant cockroach bites you but does no damage.
The giant cockroach completely misses you.
The giant cockroach bites you.
There is a stone staircase leading up here.
You closely miss the giant cockroach.
The giant cockroach bites you but does no damage.
An orc comes into view. It is wielding a +0 club.
You hit the orc but do no damage. Your punch misses the orc.
The giant cockroach bites you but does no damage.
The orc hits you with a +2 heavy hand axe!
You die...

.........
....⌠.⌠...
..........
..⌠.....o.
....B@o...
#.†.)...#
##..)..##
#######


You could see 2 orcs and a giant cockroach.

Vanquished Creatures
  An orc priest (D:3)
  An adder (D:2)
  A dart slug (D:3)
  2 ribbon worms (D:2)
  An orc (D:3)
  3 endoplasms
  2 giant cockroaches (D:2)
  5 goblins
  4 hobgoblins
  2 jackals (D:2)
  3 ball pythons
  2 bats
  2 frilled lizards
  3 kobolds
  3 rats (D:1)
35 creatures vanquished.

Notes
Turn   | Place    | Note
-------+----------+-------------------------------------------
     0 | D:1      | Arctor the Kobold Hexslinger began the quest for the Orb.
     0 | D:1      | Reached XP level 1. HP: 12/12 MP: 2/2
   108 | D:1      | Reached XP level 2. HP: 16/16 MP: 3/3
   541 | D:1      | Found a faded altar of an unknown god.
   835 | D:2      | Reached XP level 3. HP: 16/20 MP: 3/5
  1846 | D:3      | Reached XP level 4. HP: 26/26 MP: 6/6
  1859 | D:3      | Slain by an orc

Illustrated notes

Levels and vault maps discovered:
D:1:      psy_arrival_basics, layout_rooms,
          hellmonk_ecumenical_altar_arch_garden
D:2:      layout_rooms, serial_co_window_serial, co_window_corner_a,
          co_window_corner_a, co_window_corner_a, co_window_of_opportunity_a,
          co_window_paths_a, co_window_paths_a, co_window_paths_b,
          co_window_of_opportunity_b, co_window_corner_ca, co_window_broadway_c,
          co_window_cross_4, co_window_unsneaky_path_d, co_window_cross_2,
          co_window_corner_ca, glass_columns_a, glass_columns_b,
          glass_columns_a, glass_columns_a, glass_columns_b
D:3:      layout_basic, grunt_ministairs_10, kennysheep_generic_room_14

Skill      XL: |  1  2  3  4 |
---------------+-------------+-----
Ranged Weapons | 3 |  3.5
Dodging        | 3 |  3.2
Fighting       | 2 |  2.1
Spellcasting   | |  1.9
Hexes          | |  3.5
Fire Magic     | |  1.2

Action                     |  1- 3 |  4- 6 || total
---------------------------+-------+-------++-------
  Melee: Short sword       |    83 |    11 ||    94
         Punch             |       |     1 ||     1
   Fire: Sling             |    26 |       ||    26
   Stab: Sleeping          |     7 |       ||     7
 Armour: Robe              |    47 |    13 ||    60
  Dodge: Dodged            |    71 |    16 ||    87
